[Event "55th Biel Festival MTO 2022"]
[Site "Biel"]
[Date "2022.07.20"]
[Round "7.24"]
[White "Gaehwiler Gabriel"]
[Black "Karthik Rajaa"]
[Result "0-1"]
[ECO "E73"]
[WhiteElo "2420"]
[BlackElo "2331"]
[Annotator "TA"]
[PlyCount "86"]
[EventDate "2022.07.13"]
[EventType "swiss"]
[EventCountry "SUI"]
[SourceTitle "playchess.com"]
[Source "ChessBase"]
[SourceQuality "1"]
[TimeControl "40/5400+30:1800+30"]

1. d4 Nf6 2. c4 g6 3. Nc3 Bg7 4. e4 d6 5. Be2 O-O 6. Be3 Na6 {[%emt 0:02:10] E73: King's Indian: Averbakh Variation without 6...c5.} 7. h3 e5 8. d5 ({But not} 8. Nf3 exd4 9. Bxd4 (9. Qxd4 Ng4 $15) 9... Re8 $15) 8... Nc5 {[%emt 0:00:11] The position is equal.} 9. Bf3 a5 10. g4 Bd7 ({Black should play} 10... c6 $11) 11. Nge2 {[%emt 0:00:47] [#]} c6 $146 ({Predecessor:} 11... Qe7 12. Qd2 Rfd8 13. g5 Ne8 14. h4 a4 15. h5 f5 16. exf5 gxf5 17. h6 Bh8 {1-0 (38) Domogaev,S (2469)-Stepanov,A (2231) Bogoroditsk 2011}) 12. g5 Ne8 13. Ng3 Nc7 14. h4 b5 15. dxc6 (15. Be2 {feels hotter.} bxc4 16. Bxc4 Rb8 17. dxc6 Bxc6 18. b3) 15... Bxc6 16. Bxc5 dxc5 17. Qxd8 Rfxd8 18. Nd5 Bxd5 19. cxd5 a4 20. Nf1 {[%emt 0:03:18] [#]} (20. Bd1 $15) 20... c4 (20... a3 $1 $17 21. b3 {[#]} Nxd5 $1 22. exd5 e4) 21. Ne3 (21. a3 $15) 21... Na6 (21... a3 $17 22. b3 cxb3 23. axb3 Bf8) 22. h5 Nc5 23. hxg6 hxg6 24. a3 Bf8 {[%emt 0:04:44][%cal Bg7f8,Bf8e7,Be7g5,Bg5f6][%mdl 32] Black is more active.} 25. Ng4 {[%emt 0:00:48] Intending Nf6+ and mate.} Be7 26. Nxe5 Bxg5 27. Nc6 Re8 28. Kd1 (28. d6 $17) 28... Nxe4 $19 29. Kc2 Nd6 30. Rag1 Bf6 31. Bg4 (31. Rh3 $17) 31... Kg7 32. Rg2 Rh8 33. Rhg1 Rae8 34. f4 (34. Nb4 $142) 34... Re3 35. f5 Rb3 36. Kc1 g5 {[%emt 0:00:41] Strongly threatening ...c3.} 37. Bd1 Re3 {[%emt 0:00:09] Hoping for ...c3.} 38. Bc2 Rhe8 39. Kd2 (39. Kd1 $142) 39... Rh3 40. Kc1 Rhe3 (40... Ree3 $142 41. Na5 Ref3) 41. Kd2 $1 c3+ {[%emt 0:02:39] Black is clearly winning.} 42. bxc3 Bxc3+ 43. Kc1 Re1+ {[%emt 0:00:08] Weighted Error Value: White=0.37/Black=0.40} 0-1

[Event "55th Biel Festival MTO 2022"]
[Site "Biel"]
[Date "2022.07.20"]
[Round "7.25"]
[White "Mamedov Edgar"]
[Black "Katz, Alexander"]
[Result "0-1"]
[ECO "D38"]
[WhiteElo "2227"]
[BlackElo "2402"]
[Annotator "TA"]
[PlyCount "94"]
[EventDate "2022.07.13"]
[EventType "swiss"]
[EventCountry "SUI"]
[SourceTitle "playchess.com"]
[Source "ChessBase"]
[SourceQuality "1"]
[TimeControl "40/5400+30:1800+30"]

1. d4 Nf6 2. c4 e6 3. Nf3 d5 4. Nc3 Bb4 5. Qa4+ Nc6 6. Bg5 h6 7. Bxf6 Qxf6 8. e3 O-O {[%emt 0:02:04] D38: Queen's Gambit Declined: Ragozin Defence (4 Nf3 Bb4).} 9. Qc2 Rd8 10. a3 Bf8 {[%emt 0:02:46] [#] The position is equal.} 11. Bd3 $146 ({Predecessor:} 11. Rd1 b6 12. Qa4 Bd7 13. cxd5 Ne7 14. Qc2 exd5 15. Ne5 Bf5 16. Bd3 c5 17. O-O {1-0 (38) Fridman,D (2639)-Aleksandrov,A (2619) Liepaja 2015}) 11... g6 12. O-O b6 13. b4 Bb7 14. c5 (14. cxd5 $14 exd5 15. Rfc1) 14... bxc5 15. bxc5 e5 16. dxe5 Nxe5 17. Nxe5 Qxe5 18. Nb5 {[%emt 0:00:58] Inhibits d4.} Bc6 19. Nd4 Be8 20. Rab1 Rab8 21. Bb5 Bxb5 22. Nxb5 a6 23. Nd4 {[%emt 0:00:27] [#] Black must now prevent Nc6.} Qe4 24. Rxb8 Rxb8 25. Qc3 Rb1 26. f3 Rxf1+ 27. Kxf1 $15 {[%emt 0:00:02][%mdl 4096] Endgame KQB-KQN} Qb1+ 28. Kf2 Qa2+ 29. Kf1 Be7 (29... h5 $17) 30. Qb3 {[%emt 0:02:40] [#]} (30. Nc6 $1 $11 Bf8 31. f4) 30... Qd2 ({Better is} 30... Qa1+ $1 31. Kf2 Bxc5 32. Qxd5 Qb2+ 33. Kg3 Bd6+ 34. f4 Qxa3) 31. Qb8+ {[%emt 0:01:07] This costs White the game.} (31. c6 $17) 31... Kg7 $19 32. Qxc7 (32. Qb3 $142) 32... Qxe3 {[%emt 0:00:19] Threatens to win with ...Bh4.} 33. g3 {[%emt 0:01:08] Against Bh4} (33. f4) 33... Bf6 ({Not} 33... Qc1+ 34. Ke2 $17) 34. Ne2 Qxf3+ 35. Ke1 Qh1+ 36. Kd2 Bg5+ 37. Nf4 Qxh2+ 38. Kd1 Qh1+ 39. Kd2 Qg2+ 40. Kd1 Qf3+ 41. Kc2 Qe4+ 42. Kd1 h5 {[%emt 0:00:00][%cal Bh6h5,Bh5h4,Bh4g3][%mdl 32] And now ...h4 would win.} 43. c6 h4 44. Qa5 hxg3 {[%emt 0:00:00] Black mates.} 45. c7 Qxf4 46. c8=Q Qf1+ 47. Kc2 Qc1+ {[%emt 0:00:00][%mdl 64] Skewer.  Weighted Error Value: White=0.75/Black=0.07 (flawless)} 0-1

[Event "55th Biel Festival MTO 2022"]
[Site "Biel"]
[Date "2022.07.20"]
[Round "7.26"]
[White "Hilby Craig"]
[Black "Gomez Barrera Javiera Belen"]
[Result "1-0"]
[ECO "D02"]
[WhiteElo "2422"]
[BlackElo "2210"]
[Annotator "TA"]
[PlyCount "113"]
[EventDate "2022.07.13"]
[EventType "swiss"]
[EventCountry "SUI"]
[SourceTitle "playchess.com"]
[Source "ChessBase"]
[SourceQuality "1"]
[TimeControl "40/5400+30:1800+30"]

1. d4 Nf6 2. Nf3 g6 3. Nbd2 d5 4. e3 Bg7 5. b4 a5 6. b5 {[%emt 0:00:08] D02: 1 d4 d5 2 Nf3 sidelines, including 2...Nf6 3 g3 and 2...Nf6 3 Bf4.} c5 7. bxc6 bxc6 8. Ba3 {[%emt 0:01:25] White is slightly better.} O-O 9. Be2 Re8 10. O-O Nbd7 11. c4 Ba6 {[%emt 0:08:11][%cal Oc6c5] [#]} 12. Rb1 $146 ({Predecessor:} 12. Rc1 e5 13. cxd5 cxd5 14. dxe5 Nxe5 15. Nxe5 Rxe5 16. Nf3 Re8 17. Bxa6 Rxa6 18. Qd3 {0-1 (54) Xiong,J (2700)-Drozdowski,K (2448) Chess.com INT 2021}) 12... Qc7 13. Qc2 Bf8 14. Rfc1 e5 15. Bxf8 Rxf8 16. Nxe5 Nxe5 17. dxe5 Qxe5 18. Nb3 dxc4 19. Nd4 c5 20. Nf3 (20. Nc6 $5 Qc7 21. Bf3 $11) 20... Qe6 21. Qa4 (21. Bxc4 $11 Qxc4 22. Qxc4 Bxc4 23. Rxc4) 21... c3 22. Bxa6 Rxa6 23. Rxc3 Ne4 24. Rc4 Re8 25. Rbc1 Raa8 26. h3 Re7 (26... Rad8 $11) 27. Qa3 (27. Qc2 $14) 27... Qd5 (27... Rd7 $11) 28. Qb3 (28. Nh2 $14) 28... Ree8 29. Qa4 Qe6 (29... h5 {seems wilder.} 30. Nh2 Qd2 31. Qc2 Rad8) 30. Qc2 Qd5 31. Rd1 Qe6 {[%emt 0:00:18] [#]} 32. Ne1 ({White should play} 32. Nd2 $1 $16 Nxd2 33. Rxd2) 32... Rac8 33. Nd3 Red8 ({Better is} 33... Rcd8 $14) 34. Rc1 $16 {[%emt 0:00:41] Strongly threatening Nf4.} Qf5 {[%emt 0:00:27] [#]} (34... Qe8 $16 {was worth a try.}) 35. Nf4 ({Less strong is} 35. Nxc5 Re8 36. a3 (36. Nxe4 Rxc4 37. Qxc4 Qxe4 $16) 36... Re5 37. Nxe4 Rxc4 38. Qxc4 Qxe4 $16) (35. g4 $1 $18 {[%cal Rg4f5] is the precise move to win.} Qf3 36. Ne5 Qxf2+ 37. Qxf2 Nxf2 38. Kxf2) 35... Re8 36. Rd1 Qe5 37. Rd5 Qe7 38. Nd3 {[%emt 0:04:25] Black must now prevent Re5.} Qb7 39. Nf4 $36 {[%emt 0:02:11][%mdl 2048] White is more active.} (39. Re5 $11 Rxe5 40. Nxe5) 39... Qe7 $1 40. a4 Rb8 41. Rd1 {[%emt 0:31:29] White stays focused until the end.} Kf8 ({Black should try} 41... f5) 42. Rc1 Qe5 (42... Kg7 $142) 43. Nd3 Qf6 44. Nxc5 Nxc5 45. Rf4 ({Not} 45. Rxc5 $2 Rb2 46. Rxa5 Rxc2 47. Rxc2 Rd8 $19) 45... Qe7 46. Qxc5 Rec8 $2 (46... Ra8 {is a better defense.} 47. Qb6 Reb8) 47. Qxc8+ $18 Rxc8 48. Rxc8+ {[%emt 0:00:00][%mdl 4096] Endgame KQ-KRR} Kg7 49. Rd4 {[%emt 0:00:00] Prevents Qd6.} h5 50. h4 Qe5 $2 (50... Qb7) 51. Rcd8 Qc5 52. R8d7 {[%emt 0:00:00] aiming for Rf4.} Qc1+ 53. Kh2 Qc6 54. Ra7 {[%emt 0:00:00] And now Rf4 would win.} Qf6 55. Rf4 {[%emt 0:00:00] White mates.} Qe5 56. g3 Kh6 57. Rfxf7 {[%emt 0:00:00] Weighted Error Value: White=0.17 (very precise) /Black=0.48} 1-0

[Event "55th Biel Festival MTO 2022"]
[Site "Biel"]
[Date "2022.07.20"]
[Round "7.27"]
[White "Peyrer, Konstantin"]
[Black "Lou Vincent"]
[Result "1-0"]
[ECO "B92"]
[WhiteElo "2406"]
[BlackElo "2200"]
[Annotator "TA"]
[PlyCount "87"]
[EventDate "2022.07.13"]
[EventType "swiss"]
[EventCountry "SUI"]
[SourceTitle "playchess.com"]
[Source "ChessBase"]
[SourceQuality "1"]
[TimeControl "40/5400+30:1800+30"]

1. e4 c5 2. Nf3 d6 3. d4 cxd4 4. Nxd4 Nf6 5. Nc3 a6 6. Be2 e5 7. Nb3 Be7 8. g4 Be6 {[%emt 0:04:16] B92: Sicilian Najdorf: 6 Be2.} (8... h6 $11) 9. g5 $14 Nfd7 10. h4 Nc6 {[%emt 0:17:17] White is slightly better.} 11. Be3 Nc5 {[%emt 0:09:18] [#]} 12. Nd5 $146 ({Predecessor:} 12. Rg1 Rc8 13. h5 Nxb3 14. axb3 g6 15. Qd2 Nb4 16. f4 d5 17. exd5 exf4 18. dxe6 fxe3 {1-0 (41) Zenuni,B-Zenuni,A (1960) Pristina 2017}) 12... Rc8 13. f3 Na4 {[%emt 0:11:27] [#]} ({Black should try} 13... O-O $14) 14. Qd2 $1 $16 Nc5 15. c3 Bxd5 (15... h5 $16 16. O-O-O Bxd5 17. Qxd5 g6 18. Nxc5 dxc5) 16. exd5 $18 Nxb3 17. axb3 Nb8 18. Bd3 Nd7 19. h5 ({Better is} 19. Bc2 $18) 19... h6 $16 20. gxh6 gxh6 21. Bxh6 Bh4+ 22. Ke2 {[%emt 0:00:04] [#] And now Rag1 would win.} Qf6 23. Be3 {[%emt 0:00:06] Threatens to win with h6. A strong pair of Bishops.} Rg8 $2 {[%emt 0:00:40][%mdl 8192] Black cannot hold the game after this.} (23... Rxh5 $16 {is a better chance.} 24. Rag1 Qh8) 24. Rag1 $18 {[%emt 0:00:22] Active counter play!} Ke7 25. Rg4 Rxg4 26. fxg4 Rg8 {[%emt 0:00:05] Prevents g5.} 27. Bf5 Bg5 28. h6 Bf4 29. h7 Rh8 30. Kd1 Nf8 (30... Bxe3 $142 31. Qxe3 Nf8) 31. Bxf4 exf4 32. Qxf4 {[%emt 0:00:08] aiming for g5.} Ng6 33. Qb4 b5 34. Kc2 Kf8 35. c4 bxc4 (35... Kg7 $142 36. c5 a5 37. Qxb5 Ne7) 36. bxc4 Kg7 37. Qc3 Ne5 38. Re1 Qh4 39. c5 Qf2+ 40. Kb1 {[%emt 0:00:07] Rxe5 would kill now.} Rb8 41. Rxe5 {[%emt 0:30:24] White mates.} dxe5 42. Qxe5+ f6 43. h8=B+ Rxh8 44. Qe7+ {[%emt 0:00:00] Weighted Error Value: White=0.26 (precise) /Black=0.64} 1-0

[Event "55th Biel Festival MTO 2022"]
[Site "Biel"]
[Date "2022.07.20"]
[Round "7.28"]
[White "Aziz, Husain"]
[Black "Mahitosh Dey"]
[Result "0-1"]
[ECO "D31"]
[WhiteElo "2380"]
[BlackElo "2212"]
[Annotator "TA"]
[PlyCount "57"]
[EventDate "2022.07.13"]
[EventType "swiss"]
[EventCountry "SUI"]
[SourceTitle "playchess.com"]
[Source "ChessBase"]
[SourceQuality "1"]
[TimeControl "40/5400+30:1800+30"]

1. d4 d5 2. c4 e6 3. Nc3 a6 4. c5 e5 5. dxe5 d4 6. Na4 {[%emt 0:00:21] D31: Queen's Gambit Declined: Semi-Slav without ...Nf6 (+ Marshall Gambit and Noteboom) and Exchange Variation lines without ...Nf6.} Nc6 7. Nf3 Bf5 {[%emt 0:00:11] [#] Threatens to win with ...Nb4.} 8. a3 $146 {[%emt 0:00:44] Against Nb4. The position is equal.} ({Predecessor:} 8. e3 dxe3 9. Bxe3 Qxd1+ 10. Kxd1 O-O-O+ 11. Kc1 Nh6 12. h3 Be4 13. Be2 Nf5 14. Bf4 Bxf3 15. Bxf3 Rd4 16. Bd2 Rxa4 17. Bc3 Bxc5 18. g3 Bd4 19. Bd2 Nxe5 {0-1 (19) Fier,A (2564)-Warmerdam,M (2562) Chess.com INT 2021}) 8... Qd5 9. g3 Be4 10. Bg2 Nge7 {[%emt 0:00:03][%mdl 1024] Black has compensation.} 11. O-O O-O-O (11... h6 $11) 12. b4 Ng6 (12... Nxe5 $11 13. Nb2 N5c6) 13. Nb2 Be7 (13... Ngxe5 $14 14. Bh3+ Kb8) 14. Nd3 $16 Ncxe5 15. a4 Bf6 {[%emt 0:00:05] [#]} ({Black should try} 15... Nd7 $14) 16. b5 ({Better is} 16. Bh3+ $1 Kb8 17. Nfxe5 Nxe5 18. f3 Bxd3 19. exd3) 16... a5 17. Bd2 (17. h4 $16) 17... Nxf3+ $15 (17... Nxd3 $2 18. exd3 Bxd3 {[#]} 19. Nh4 $1 Qxc5 20. Qg4+ (20. Qf3 Bxf1 21. Qxb7+ Kd7 $11) 20... Kb8 21. Qf3 $18) 18. Bxf3 Bxf3 19. exf3 b6 (19... Ne5 $15 {stays ahead.} 20. Nxe5 Bxe5) 20. Rc1 $16 {[%emt 0:03:23] Black must now prevent cxb6.} (20. cxb6 $6 cxb6 21. Re1 Kb7 $11) 20... Kb8 $2 {[%emt 0:00:22][%mdl 8192] This costs Black the game.} (20... Kb7 $16 {is more resistant.}) 21. cxb6 $18 cxb6 22. Rc6 (22. Qc2 Rc8 23. Qd1 Rxc1 24. Bxc1 Rc8 $11) 22... Ka7 {[%emt 0:01:57] [#]} (22... Ne5 $142 23. Nxe5 Bxe5 24. Rxb6+ Ka8 25. Ra6+ Kb7) 23. Bxa5 $1 bxa5 (23... Rb8 24. Qd2) 24. Qd2 {[%emt 0:00:31] White mates.} Rd7 25. Qxa5+ Kb8 26. Nb4 ({Inferior is} 26. Qb6+ Rb7 27. Qa5 (27. Nb4 Rxb6 28. Rxb6+ Qb7 $17) 27... Ra7 28. Qb6+ Rb7 $11) 26... Qxf3 27. Na6+ Ka7 28. Qb6+ Ka8 29. Rc7 {[%emt 0:01:57][%mdl 32768] Weighted Error Value: White=0.18 (very precise) /Black=0.62. Loss on time!?} 0-1

[Event "55th Biel Festival MTO 2022"]
[Site "Biel"]
[Date "2022.07.20"]
[Round "7.29"]
[White "Kamber Bruno"]
[Black "Papadiamandis, Elliot"]
[Result "1/2-1/2"]
[ECO "B51"]
[WhiteElo "2225"]
[BlackElo "2369"]
[Annotator "TA"]
[PlyCount "54"]
[EventDate "2022.07.13"]
[EventType "swiss"]
[EventCountry "SUI"]
[SourceTitle "playchess.com"]
[Source "ChessBase"]
[SourceQuality "1"]
[TimeControl "40/5400+30:1800+30"]

1. e4 c5 2. Nf3 d6 3. Bb5+ Nd7 4. a4 Ngf6 5. Nc3 a6 6. Be2 {[%emt 0:00:26] B51: Sicilian: Moscow Variation (3 Bb5+) without 3...Bd7.} b6 7. d4 cxd4 8. Qxd4 {[%emt 0:00:21] White has an edge.} Bb7 9. O-O e6 10. Nd2 Qc7 11. Nc4 {[%emt 0:00:37] [#]} d5 $146 ({Predecessor:} 11... e5 12. Qe3 Be7 13. Rd1 O-O 14. b3 Rab8 15. Ba3 Nc5 16. Bf3 Rfd8 17. Rd2 Ba8 18. Bb4 Ne6 19. Rad1 Nd4 {½-½ (19) Plenca,J (2483)-Palac,M (2529) Vinkovci 2020}) 12. exd5 Bc5 13. Qh4 Nxd5 14. Nxd5 Bxd5 15. Bf4 Qc6 16. Qg3 O-O 17. Bh6 {[%emt 0:06:33][%csl Gh6][%cal Rg3g7] [#]} Bd4 18. c3 Bf6 19. Ne3 {[%emt 0:00:30] Hoping for Ng4.} Kh8 20. Nxd5 $40 {[%emt 0:02:20][%mdl 128] White mounts an attack.} exd5 21. Bg5 Nc5 {[%emt 0:04:13] aiming for ...Ne4.} 22. Bxf6 Qxf6 23. Qf3 Qe5 (23... Rae8 $14) 24. Rfd1 Rad8 25. Bf1 d4 {[%emt 0:05:42] [#]} (25... a5 $11) 26. b4 (26. cxd4 $1 $16 Rxd4 27. Qc3) 26... Ne6 $11 27. cxd4 Rxd4 {[%emt 0:04:19] Weighted Error Value: White=0.14 (very precise) /Black=0.17 (very precise)} 1/2-1/2

[Event "55th Biel Festival MTO 2022"]
[Site "Biel"]
[Date "2022.07.20"]
[Round "7.30"]
[White "Aydin Gulenay"]
[Black "Herrera Reyes, Jose Antonio"]
[Result "0-1"]
[ECO "B23"]
[WhiteElo "2100"]
[BlackElo "2345"]
[Annotator "TA"]
[PlyCount "78"]
[EventDate "2022.07.13"]
[EventType "swiss"]
[EventCountry "SUI"]
[SourceTitle "playchess.com"]
[Source "ChessBase"]
[SourceQuality "1"]
[TimeControl "40/5400+30:1800+30"]

1. e4 c5 2. Nc3 e6 3. g3 b6 4. Bg2 Bb7 5. Nge2 a6 6. d4 {[%emt 0:00:27] B23: Closed Sicilian: Lines without g3.} cxd4 7. Nxd4 Qc7 {[%emt 0:00:04] 7...Nf6 is more advanced technology.} 8. O-O {[%emt 0:00:28][%cal Oc3d5] White is slightly better.} d6 9. Re1 {[%emt 0:00:39][%cal Oc3d5] Strongly threatening Nd5!} Be7 {[%emt 0:00:06] [#]} 10. Nd5 $1 exd5 11. exd5 {[%emt 0:00:10] [#] Black must now prevent Nf5.} Bc8 $146 {[%emt 0:00:04] Inhibits Nf5.} ({Predecessor:} 11... Kf8 12. Bf4 Nd7 13. Nf5 Re8 14. Rxe7 Rxe7 15. Bxd6 Qd8 16. Qd4 f6 17. Re1 Ne5 18. Rxe5 fxe5 19. Qxe5 Ke8 20. Bxe7 Nxe7 21. Nd6+ Kf8 22. Qe6 {1-0 (22) Burmakin,E (2268)-Sukhotin,I (2188) Krasnoyarsk 2013}) 12. a4 (12. Bf4 $11 {might be stronger.}) 12... h5 (12... Nf6 $15 {stays ahead.}) 13. Ra3 $16 {[%emt 0:06:55][%mdl 1024] White has strong compensation.} Kf8 14. Bf4 Ra7 (14... h4 $11) 15. h4 Qd8 16. Rae3 Nh6 17. Qd3 ({Wrong is} 17. Qxh5 $2 Bg4 18. Qg5 Bxg5 $19) (17. Bg5 $1 $14 Bf6 18. Re8+ (18. Qxh5 $2 Bg4 $19) (18. Bxf6 gxf6 19. Re8+ Qxe8 $11) 18... Qxe8 19. Rxe8+ Kxe8 20. Qe1+ (20. Bxf6 gxf6 21. Nc6 Nxc6 $11) 20... Kf8 21. Qb4) 17... Ng4 $1 $11 18. R3e2 g6 {[%emt 0:06:24] [#]} (18... Ne5 $1 $11 19. Rxe5 (19. Bxe5 dxe5 20. Rxe5 Bd6 $11) 19... dxe5 20. Bxe5 Bd7) 19. Qc3 (19. a5 $1 $16) 19... Kg8 $1 20. Rxe7 Rxe7 21. Rxe7 Qxe7 22. Qxc8+ Kh7 {[%emt 0:00:07] ( -> ...Qe1+)} 23. Qc3 {[%emt 0:00:22] Prevents Qe1+.} Re8 24. Bf3 Nd7 $40 {[%emt 0:03:28][%mdl 128] Black has some attack.} 25. Nc6 (25. b3 $11 {keeps the balance.}) 25... Qe1+ $17 26. Qxe1 Rxe1+ 27. Kg2 Nge5 28. Nxe5 (28. Nb4 $17 {might work better.}) 28... Nxe5 $19 29. Bxe5 $2 (29. c3 {is more resistant.}) 29... dxe5 $17 {[%emt 0:00:31][%mdl 4096] Endgame KR-KB} (29... Rxe5 $2 30. Kf1 $19) 30. Kh2 e4 31. Bg2 f5 ({Not} 31... Re2 $2 32. Kg1 $19) 32. c4 (32. c3 $142) 32... a5 $19 {[%emt 0:00:12] Black is clearly winning.} 33. g4 (33. Bh3 $142) 33... hxg4 34. Kg3 Kg7 35. Kf4 Kf6 {[%emt 0:00:30] aiming for ...Re2.} 36. b3 Re2 37. Kg3 Ke5 {[%emt 0:00:01] And now ...f4+ would win.} 38. Bf1 Rb2 {[%emt 0:00:02] ...f4+ is the strong threat.} 39. c5 Rxb3+ {[%emt 0:00:05] Weighted Error Value: White=0.97/Black=0.14 (very precise)} 0-1

[Event "55th Biel Festival MTO 2022"]
[Site "Biel"]
[Date "2022.07.20"]
[Round "7.31"]
[White "Asllani Dorian"]
[Black "Sahithi Varshini M"]
[Result "0-1"]
[ECO "D32"]
[WhiteElo "2220"]
[BlackElo "2312"]
[Annotator "TA"]
[PlyCount "56"]
[EventDate "2022.07.13"]
[EventType "swiss"]
[EventCountry "SUI"]
[SourceTitle "playchess.com"]
[Source "ChessBase"]
[SourceQuality "1"]
[TimeControl "40/5400+30:1800+30"]

1. d4 d5 2. c4 e6 3. Nc3 c5 4. cxd5 exd5 5. Nf3 Nf6 6. Bg5 Be6 7. e3 c4 {[%emt 0:00:15] D32: Tarrasch Defence: Sidelines and lines without g3.} 8. Bxf6 Qxf6 9. Ne5 {[%emt 0:00:17] [#] Strongly threatening Qa4+. Pair of Knights!} Bb4 $146 {[%emt 0:03:57] The position is equal.} ({Predecessor:} 9... Nc6 10. Qa4 Rc8 11. g3 Bd6 12. f4 Bxe5 13. dxe5 Qd8 14. Bg2 Qb6 15. O-O Qxe3+ {1-0 (57) Narciso Dublan,M (2502)-Laiz Ibanez,H (2318) Linares 2020}) 10. g3 O-O 11. Bg2 Nc6 12. Nxc6 (12. f4 $5 ) 12... bxc6 13. O-O Bxc3 14. bxc3 Bf5 {[%emt 0:00:11] Inhibits e4.} 15. Qa4 Qe6 {[%emt 0:11:50] Inhibits e4.} (15... Bd3 $15 16. Rfe1 Rab8 17. Qxa7 Rb2) 16. Rfe1 (16. e4 $5 dxe4 17. Rfe1 $11) 16... Rfb8 17. Qa3 (17. e4 $5 dxe4 18. Re2 $11) 17... Rb7 18. f3 (18. e4 $11 dxe4 19. Re3) 18... Bd3 {[%emt 0:06:33] Black is more active.} 19. e4 dxe4 20. fxe4 Rab8 {[%emt 0:01:18] [#] ...Rb2 is the strong threat.} 21. d5 (21. e5 $15) 21... cxd5 $19 22. exd5 Qb6+ 23. Kh1 Qf2 {[%emt 0:00:17] Hoping for ...Rb2.} 24. Qa4 $2 {[%emt 0:04:15][%mdl 8192] This move loses the game for White.} (24. Rg1 $17) 24... g6 25. Re8+ Kg7 26. Rxb8 Rxb8 27. Rg1 $2 (27. Qd1 Rb2 28. Qg1) 27... Rb2 {[%emt 0:00:34][%cal Of2g2] ( -> ...Qxg2+!)} 28. Qe8 Re2 {[%emt 0:00:26] Weighted Error Value: White=0.61/Black=0.06 (flawless)} 0-1

[Event "55th Biel Festival MTO 2022"]
[Site "Biel"]
[Date "2022.07.20"]
[Round "7.32"]
[White "Marentini, Marcel"]
[Black "Dishman Stephen"]
[Result "0-1"]
[ECO "A11"]
[WhiteElo "2053"]
[BlackElo "2252"]
[Annotator "TA"]
[PlyCount "66"]
[EventDate "2022.07.13"]
[EventType "swiss"]
[EventCountry "SUI"]
[SourceTitle "playchess.com"]
[Source "ChessBase"]
[SourceQuality "1"]
[TimeControl "40/5400+30:1800+30"]

1. Nf3 d5 2. c4 c6 3. g3 Bg4 4. Bg2 e6 5. cxd5 Bxf3 6. Bxf3 cxd5 7. O-O Nf6 8. Qb3 {[%emt 0:01:40] A11: English Opening: 1...c6.} Qd7 9. d3 Nc6 10. Bg2 {[%emt 0:00:29] The position is equal.} Be7 11. Bd2 O-O {[%emt 0:00:56] [#]} 12. e3 $146 ({Predecessor:} 12. Nc3 Nd4 13. Qd1 h6 14. Rc1 Rac8 15. e3 Nc6 16. d4 Bd6 17. a3 Ne7 18. Qb3 {½-½ (61) Kurajica,B (2566)-Rade,M (2370) Pula 2001}) 12... Rac8 13. a4 Rfd8 $36 {[%emt 0:06:53][%mdl 2048] Black is more active.} 14. a5 Bd6 15. a6 Rb8 16. axb7 Rxb7 17. Qa2 Rdb8 18. Bc3 Nb4 {[%emt 0:13:34] Black is more active. White is now going downhill.} 19. Qa5 (19. Bxb4 $142 Rxb4 20. Nc3) 19... Nxd3 $17 20. Bxf6 (20. Nd2 $17 {keeps fighting.}) 20... gxf6 $19 21. Qc3 Ne5 (21... Nxb2 22. Qxf6 Bf8 23. Nd2 $17) 22. e4 (22. Ra2 $142) 22... Rb3 ({Don't blunder} 22... Rxb2 $2 23. exd5 exd5 24. Nd2 $19) 23. Qd4 (23. Qc1 $142) 23... R3b4 ({And not} 23... Rxb2 24. exd5 R8b4 25. dxe6 fxe6 26. Qd1 $17) 24. Qd1 dxe4 ({Not} 24... Rxb2 $2 25. exd5 R8b3 26. Qd4 $17) 25. Nc3 f5 26. Qh5 Qe7 27. Rfd1 Ng6 28. h4 (28. Rdc1 $142) 28... Be5 {[%emt 0:03:28] Black is clearly winning.} 29. Qh6 Rxb2 30. Na4 R2b4 31. Ra2 Rb1 32. Rad2 Rxd1+ 33. Rxd1 Qb4 {[%emt 0:00:43] Weighted Error Value: White=0.45/Black=0.11 (very precise)} 0-1